 Dungeon Crawl Stone Soup version 0.29-a0-666-g26d293caef (console) character file.

Game seed: 13735352762458812273

54466 Chek the Spear-Bearer (level 14, 0/100 HPs)
             Began as a Mummy Necromancer on June 10, 2022.
             Was an Initiate of Sif Muna.
             Killed from afar by a hell hound (8 damage)
             ... with a blast of flame
             ... led by Azrael
             ... on level 12 of the Dungeon on June 23, 2022.
             The game lasted 03:39:40 (23427 turns).

Chek the Spear-Bearer (Mummy Necromancer)          Turns: 23427, Time: 03:39:40

Health: 0/100      AC: 14    Str: 12    XL:     14   Next: 34%
Magic:  22/30      EV: 26    Int: 28    God:    Sif Muna [......]
Gold:   1455       SH:  5    Dex: 12    Spells: 2/37 levels left

rFire   + . .      SeeInvis .   d - +7 trident (pain)
rCold   + + .      Faith    .   i - +2 buckler {rC+}
rNeg    + + +      Spirit   .   e - +0 acid dragon scales
rPois   ∞          Reflect  .   h - +1 helmet of Dorituew {Int+4}
rElec   .          Harm     .   y - scarf {rC+ rF+}
rCorr   +          Rampage  .   B - +2 pair of gloves
Will    +....                   n - +2 pair of boots
Stlth   +++.......              r - amulet "Qepecal" {Acrobat Int+5 Stlth+}
HPRegen 0.26/turn               f - ring of wizardry
MPRegen 0.22/turn               G - ring of fire

@: acrobatic
A: cold resistance 1, negative energy resistance 3, torment resistance 2, heat
vulnerability 1, in touch with death 2, no potions
a: Renounce Religion


You were on level 12 of the Dungeon.
You worshipped Sif Muna.
Sif Muna was noncommittal.
You visited 2 branches of the dungeon, and saw 18 of its levels.
You also visited: Ossuary and Ice Cave.

You collected 1455 gold pieces.

Inventory:

Hand Weapons
 d - a +7 trident of pain (weapon)
Missiles
 k - a throwing net
 v - 10 poisoned darts
 C - 2 javelins
Armour
 a - a +2 robe of willpower
 e - +0 acid dragon scales (worn)
 h - the +1 helmet of Dorituew (worn) {Int+4}
   (You found it on level 2 of the Dungeon)

   Int:       It affects your intelligence (+4).
 i - a +2 buckler of cold resistance (worn)
 n - a +2 pair of boots (worn)
 y - a scarf of resistance (worn)
 B - a +2 pair of gloves (worn)
 D - a +2 robe of fire resistance
Jewellery
 f - a ring of wizardry (left hand)
 j - a ring of see invisible
 r - the amulet "Qepecal" (around neck) {Acrobat Int+5 Stlth+}
   (You acquired it on level 8 of the Dungeon)

   [amulet of the acrobat]

   It increases your evasion while moving and waiting.
   Int:       It affects your intelligence (+5).
   Stlth:     It makes you more stealthy.
 t - a ring of wizardry
 G - a ring of fire (right hand)
Wands
 b - a wand of acid (6)
 u - a wand of polymorph (3)
 x - a wand of iceblast (12)
 A - a wand of flame (17)
 H - a wand of digging (7)
Scrolls
 c - 12 scrolls of teleportation
 g - 4 scrolls of amnesia
 l - 5 scrolls of fear
 m - 4 scrolls of noise
 o - 5 scrolls of identify
 p - 4 scrolls of blinking
 s - 2 scrolls of enchant armour
 w - 2 scrolls of immolation
 z - 2 scrolls of summoning
 E - 2 scrolls of vulnerability
 F - a scroll of magic mapping
 I - a scroll of torment
Miscellaneous
 q - a piece from Xom's chessboard (15/15)


   Skills:
 - Level 6.0 Fighting
 - Level 14.0 Polearms
 - Level 3.0 Dodging
 - Level 3.0 Stealth
 - Level 12.0 Spellcasting
 - Level 8.0 Hexes
 - Level 12.0 Necromancy
 - Level 4.4 Earth Magic
 + Level 1.5 Invocations


You had 2 spell levels left.
You knew the following spells:

 Your Spells              Type           Power      Damage    Failure   Level
a - Necrotize             Necr           100%       1d9       1%          1
b - Vampiric Draining     Necr           100%       2d13      1%          3
c - Agony                 Necr           100%       N/A       1%          5
d - Dispel Undead         Necr           100%       3d31      1%          4
e - Anguish               Hex/Necr       52%        N/A       1%          4
f - Borgnjor's Vile Clut  Necr/Erth      48%        N/A       2%          5
g - Tukima's Dance        Hex            57%        N/A       1%          3
h - Animate Dead          Necr           100%       N/A       1%          4
i - Death Channel         Necr           56%        N/A       3%          6

Your spell library contained the following spells:

 Spells                   Type           Power      Damage    Failure   Level
 Sandblast                Erth           82%        2d17      1%          1
 Passwall                 Tmut/Erth      24%        N/A       1%          2
 Freeze                   Ice            64%        1d8       2%          1
 Dazzling Flash           Conj/Hex       78%        N/A       1%          3
 Inner Flame              Hex/Fire       56%        N/A       1%          3
 Portal Projectile        Hex/Tloc       78%        N/A       1%          3
 Cause Fear               Hex            28%        N/A       1%          4
 Leda's Liquefaction      Hex/Erth       25%        N/A       2%          4
 Stone Arrow              Conj/Erth      58%        3d10      3%          3
 Corpse Rot               Necr/Pois/Air  73%        N/A       5%          4
 Call Canine Familiar     Summ           16%        N/A       9%          3
 Gell's Gravitas          Tloc           16%        N/A       9%          3
 Ignite Poison            Fire/Tmut/Pois 25%        N/A       9%          3
 Lesser Beckoning         Tloc           16%        N/A       9%          3
 Mephitic Cloud           Conj/Pois/Air  16%        N/A       9%          3
 Ozocubu's Armour         Ice            16%        N/A       9%          3
 Teleport Other           Tloc           16%        N/A       9%          3
 Metabolic Englaciation   Hex/Ice        19%        N/A       16%         5
 Iskenderun's Mystic Bla  Conj/Tloc      16%        2d5       26%         4
 Simulacrum               Ice/Necr       42%        N/A       32%         6
 Alistair's Intoxication  Tmut/Pois      10%        N/A       56%         5
 Freezing Cloud           Conj/Ice/Air   8%         6-21      56%         5
 Infestation              Necr           56%        N/A       75%         8
 Haunt                    Necr/Summ      42%        N/A       86%         7
 Dispersal                Tloc           8%         N/A       98%         6
 Eringya's Noxious Bog    Tmut/Pois      8%         N/A       98%         6
 Starburst                Conj/Fire      12%        6d5       98%         6
 Discord                  Hex            28%        N/A       99%         8
 Ozocubu's Refrigeration  Ice            8%         4d6       100%        7
 Blade Hands              Tmut           Unusable   N/A       N/A         5

Dungeon Overview and Level Annotations

Branches:
Dungeon (12/15)            Temple (0/1) D:7            Lair (6/6) D:8
  Swamp (0/4) Lair:2        Snake (0/4) Lair:4        Slime (0/5) Lair:5
    Orc (0/2) D:11        Ossuary (visited)           IceCv (visited)

Altars:
Gozag
Kikubaaqudgha
Nemelex Xobeh
Okawaru
Qazlal
Sif Muna
Vehumet
Wu Jian
Xom
Yredelemnul
The Shining One
Jiyva

Shops:
D:3 =   D:11 [


Innate Abilities, Weirdness & Mutations

You are immune to poison.
Your flesh is cold resistant. (rC+)
You are immune to negative energy. (rN+++)
You are immune to unholy pain and torment.
You are vulnerable to heat. (rF-)
You are strongly in touch with the powers of death.
You do not drink.


Message History

The sphere of damnation explodes!
The damnation engulfs you!!
The damnation engulfs the fire elemental!!
The damnation engulfs your six-headed hydra zombie!
Press: ? - help, v - describe, . - travel
Here: Azrael, wielding a +2 scimitar of flaming (flame, moderately wounded, constricted by zombie hands, ally target)
The floor.
Casting: Anguish (safe; 1% risk of failure)
Confirm with . or Enter, or press ? or * to list all spells.
Casting: Anguish (safe; 1% risk of failure)
Press: ? - help, Dir - look around, f - activate You feel a strong surge of power!
Azrael is haunted by guilt!
The hell hound easily resists.
The fire elemental is unaffected.
The zombie hands constrict Azrael!
The fire elemental hits you. The fire elemental burns you! You resist.
Azrael gestures at you.
The sphere of damnation explodes!
The damnation engulfs you!!!
* * * LOW HITPOINT WARNING * * *
The damnation engulfs the fire elemental!!
The fire elemental is destroyed!
The damnation engulfs your six-headed hydra zombie!
Azrael is wracked by anguish!!!
Azrael dies!
Sif Muna accepts your kill.
Your Invocations skill increases to level 1!
You swap places.
The hell hound bites your six-headed hydra zombie.
Press: ? - help, v - describe, . - travel
Here: a hell hound (ally target)
The floor.
You swap places.
The hell hound bites your six-headed hydra zombie.
Your six-headed hydra zombie bites the hell hound!
Your six-headed hydra zombie barely misses the hell hound.
Your six-headed hydra zombie bites the hell hound. x2
Your six-headed hydra zombie bites the hell hound!
Your six-headed hydra zombie barely misses the hell hound.
The hell hound breathes flames at your six-headed hydra zombie.
The blast of flame hits your six-headed hydra zombie!!
The blast of flame hits your two-headed ogre zombie!
The blast of flame hits you! You resist.
You die...

##################
.$...hhZZ.@......#
.#....##########.#
.)... .######Z##
.#..
.........##### ...
.............#####
##
#######..#........
###...#.#.##### .#
#..........# .#
#.......#..####


You could see 2 hell hounds, a friendly six-headed hydra zombie and a friendly
two-headed ogre zombie.

Vanquished Creatures
  A reaper (IceCv)
  4 dire elephants (Lair:6)
  Snorg (Lair:5)
  A catoblepas (Lair:6)
  2 hydras
  Erica (D:9)
  3 two-headed ogres
  A spectral anaconda (Lair:6)
  A lindwurm (Lair:5)
  A necromancer (Lair:6)
  An oklob plant (Lair:6)
  A deep elf pyromancer (D:12)
  A cyclops (D:10)
  3 elephants (Lair:6)
  2 ice statues (IceCv)
  A gargoyle (D:11)
  2 black mambas
  A torpor snail (Lair:3)
  9 cane toads
  2 rime drakes (Lair:4)
  2 unseen horrors (D:12)
  3 unseen horror zombies (D:9)
  2 anaconda simulacra (IceCv)
  8 komodo dragons
  2 freezing wraiths (IceCv)
  3 entropy weaver simulacra (IceCv)
  3 ice devils (IceCv)
  2 polar bears (Lair:6)
  6 slime creatures
  Grinder (D:2)
  2 spectral elephants (Lair:6)
  9 blink frogs
  2 dream sheep (Lair:3)
  A spriggan (D:8)
  2 vampires (D:12)
  3 wyverns
  A fire bat (D:8)
  2 dire elephant simulacra (IceCv)
  5 yaks
  A basilisk (Lair:1)
  A fire elemental (D:12)
  A death yak simulacrum (IceCv)
  A steam dragon (D:10)
  2 vampire mosquitoes (D:12)
  3 acid dragons
  3 harpy simulacra (IceCv)
  15 water moccasins
  A swamp drake (Lair:2)
  2 orc warriors (D:11)
  2 sky beasts (D:6)
  An ice beast (D:6)
  2 black bears
  12 wolves
  5 centaurs
  2 phantoms
  A lemure (D:7)
  2 kobold brigands
  8 bullfrogs
  A gnoll sergeant (D:7)
  2 elf zombies (Ossuary)
  2 necrophages
  3 wights (D:7)
  9 killer bees
  An elephant simulacrum (Lair:6)
  4 howler monkeys
  3 centaur zombies (D:9)
  5 hounds
  A human zombie (D:9)
  2 jellies
  5 orc priests
  A gnoll shaman (D:6)
  Natasha (thrice) (D:2)
  6 iguanas
  9 orc wizards
  A troll simulacrum (IceCv)
  A polar bear simulacrum (IceCv)
  A wolf simulacrum (IceCv)
  2 hound zombies (Ossuary)
  3 mummies (D:9)
  A howler monkey zombie (D:9)
  6 gnolls
  3 adders
  A shadow imp (D:6)
  2 ufetubi
  5 worms
  A dart slug (D:3)
  28 orcs
  6 endoplasms
  3 giant cockroaches
  10 goblins
  10 hobgoblins
  5 jackals
  2 quokkas
  7 ball pythons
  3 bats
  8 frilled lizards
  A gnoll zombie (Ossuary)
  2 goblin zombies (Ossuary)
  2 jackal zombies (Ossuary)
  12 kobolds
  A kobold zombie (Ossuary)
  A rat (D:2)
  A rat zombie (Ossuary)
349 creatures vanquished.

Vanquished Creatures (collateral kills)
  2 dire elephants (Lair:6)
  An obsidian statue (Lair:6)
  2 necromancers (Lair:6)
  3 elephants (Lair:6)
  A black mamba (Lair:6)
  2 komodo dragons
  5 cane toads
  A rime drake (Lair:6)
  6 blink frogs
  A slime creature (D:11)
  Sigmund (D:3)
  2 wyverns
  17 yaks
  3 death yak simulacra (Lair:6)
  5 water moccasins
  An elephant zombie (Lair:6)
  An ogre (D:7)
  7 wolves
  2 elephant skeletons (Lair:6)
  2 bullfrogs
  An elephant simulacrum (Lair:6)
  An electric eel (Lair:6)
  A jelly (D:5)
  An orc wizard (D:9)
  Robin (D:2)
  2 gnolls
  A dart slug (D:2)
  4 orcs
  An endoplasm (D:2)
  2 jackals
  4 goblins (D:2)
84 creatures vanquished.

Vanquished Creatures (others)
  Azrael (D:12)
  2 hydras
  Pikel (D:8)
  5 dire elephant zombies (Lair:6)
  A cane toad (Lair:1)
  An ice devil (IceCv)
  A blink frog (Lair:6)
  7 yaks
  A fire elemental (D:12)
  A steam dragon (D:6)
  3 dancing weapons
  2 cane toad zombies (Lair:6)
  5 orc warriors
  A blink frog zombie (Lair:6)
  A wolf (Lair:6)
  A rime drake zombie (Lair:6)
  4 komodo dragon zombies (Lair:6)
  A wyvern zombie (Lair:4)
  A water moccasin zombie (Lair:2)
  A wight (D:7)
  A polar bear zombie (Lair:6)
  4 yak zombies (D:10)
  6 wolf zombies (Lair:6)
  A bullfrog zombie (Lair:3)
  An orc wizard (D:9)
  3 orcs
  4 gnoll zombies
  5 orc zombies (D:11)
  50 fungi
  40 plants
  29 withered plants (Lair:6)
185 creatures vanquished.

Grand Total: 618 creatures vanquished

Notes
Turn   | Place    | Note
-------+----------+-------------------------------------------
     0 | D:1      | Chek the Mummy Necromancer began the quest for the Orb.
     0 | D:1      | Reached XP level 1. HP: 13/13 MP: 4/4
   665 | D:1      | Reached XP level 2. HP: 19/19 MP: 4/6
  1296 | D:2      | Gained mutation: You are in touch with the powers of death.
                  | [Mummy growth]
  1296 | D:2      | Reached XP level 3. HP: 24/24 MP: 2/8
  1552 | D:2      | Noticed Natasha
  1560 | D:2      | Killed Natasha
  1561 | D:2      | Reached skill level 5 in Spellcasting
  1561 | D:2      | Reached XP level 4. HP: 30/30 MP: 4/11
  1825 | D:2      | Learned a level 3 spell: Vampiric Draining
  1830 | D:2      | Learned a level 4 spell: Animate Dead
  1857 | D:2      | Noticed Robin
  1864 | D:2      | Killed Robin
  2031 | D:2      | Identified the +1 helmet of Dorituew {Int+4}
  2144 | D:2      | Noticed Natasha
  2153 | D:2      | Killed Natasha
  2333 | D:2      | Noticed Natasha
  2339 | D:2      | Killed Natasha
  2340 | D:2      | Reached XP level 5. HP: 35/35 MP: 6/13
  2499 | D:2      | Identified the +7 quarterstaff of Conscience {vorpal,
                  | *Noise rN++ Str+2 Stlth+}
  2686 | D:3      | Found an ornate altar of the Wu Jian Council.
  2707 | D:3      | Learned a level 3 spell: Tukima's Dance
  2713 | D:3      | Learned a level 5 spell: Agony
  2727 | D:3      | Reached skill level 5 in Necromancy
  2905 | D:3      | Found Caucieci's Jewellery Shop.
  3043 | D:3      | Noticed Sigmund
  3136 | D:3      | Noticed Grinder
  3141 | D:3      | Paralysed by Grinder for 5 turns
  3147 | D:3      | Paralysed by Grinder for 3 turns
  3153 | D:3      | Paralysed by Grinder for 4 turns
  3288 | D:2      | Killed Grinder
  3289 | D:2      | Reached XP level 6. HP: 41/41 MP: 15/15
  3364 | D:3      | Killed Sigmund
  3365 | D:3      | Reached XP level 7. HP: 46/46 MP: 5/16
  3525 | D:3      | Found an ancient bone altar of Kikubaaqudgha.
  3556 | D:3      | Became a worshipper of Kikubaaqudgha
  4061 | D:4      | Found a shimmering blue altar of Sif Muna.
  4101 | D:4      | Reached * piety under Kikubaaqudgha
  4101 | D:4      | Received a gift from Kikubaaqudgha
  4108 | D:4      | You fall into a shaft and drop 3 floors!
  4279 | D:5      | Entered Level 5 of the Dungeon
  4384 | D:5      | Found a sand-covered staircase.
  4395 | Ossuary  | Entered an ossuary
  4406 | Ossuary  | Reached XP level 8. HP: 42/52 MP: 15/20
  4930 | D:5      | Learned a level 4 spell: Anguish
  5109 | D:5      | Found an iron altar of Okawaru.
  5936 | D:6      | Reached ** piety under Kikubaaqudgha
  6586 | D:6      | Reached skill level 1 in Polearms
  6586 | D:6      | Reached XP level 9. HP: 50/57 MP: 19/22
  6622 | D:6      | Reached skill level 2 in Polearms
  6685 | D:6      | Reached skill level 3 in Polearms
  7337 | D:7      | Reached skill level 4 in Polearms
  7475 | D:7      | Found a staircase to the Ecumenical Temple.
  7730 | D:7      | Found a stormy altar of Qazlal.
  8157 | D:7      | Found a shimmering altar of Xom.
  8256 | D:8      | Noticed Pikel
  8314 | D:7      | Reached skill level 5 in Polearms
  8442 | D:8      | Killed Pikel
  8443 | D:8      | Reached skill level 6 in Polearms
  8724 | D:8      | Noticed Maggie
  8756 | D:8      | Reached *** piety under Kikubaaqudgha
  8756 | D:8      | Received a gift from Kikubaaqudgha
  8953 | D:8      | Reached skill level 7 in Polearms
  8953 | D:8      | Reached XP level 10. HP: 45/63 MP: 17/23
  9080 | D:8      | Found a staircase to the Lair.
  9182 | D:9      | Noticed a two-headed ogre
  9320 | D:9      | Noticed Erica
  9327 | D:9      | Killed Erica
  9328 | D:9      | Reached skill level 8 in Polearms
  9443 | D:9      | Learned a level 4 spell: Dispel Undead
  9607 | D:8      | Noticed Maggie
  9607 | D:8      | Maggie changed into Maggie the fire bat
  9614 | D:8      | Killed Maggie the fire bat
  9828 | D:6      | Identified a scroll of acquirement
 10088 | D:9      | Reached skill level 9 in Polearms
 10095 | D:9      | Found a basalt altar of Yredelemnul.
 10453 | D:8      | Upgraded the game from 0.29-a0-559-g359e09b9d1 to
                  | 0.29-a0-565-g7a16c6de65
 10453 | D:8      | Acquired the amulet "Qepecal" {Acrobat Int+5 Stlth+}
 10502 | Lair:1   | Entered Level 1 of the Lair of Beasts
 10522 | Lair:1   | Reached **** piety under Kikubaaqudgha
 10611 | D:8      | Reached skill level 10 in Spellcasting
 10720 | D:8      | Reached skill level 1 in Fighting
 10933 | Lair:1   | Noticed a cane toad
 10948 | Lair:1   | Killed a cane toad
 10949 | Lair:1   | Reached XP level 11. HP: 60/70 MP: 14/25
 11018 | Lair:1   | Noticed a six-headed hydra
 11025 | Lair:1   | Killed a six-headed hydra
 11164 | Lair:1   | Learned a level 5 spell: Borgnjor's Vile Clutch
 11859 | Lair:2   | Reached skill level 1 in Earth Magic
 12294 | Lair:2   | Found a staircase to the Swamp.
 13198 | Lair:3   | Reached skill level 10 in Polearms
 14535 | Lair:4   | Reached skill level 11 in Polearms
 14563 | Lair:4   | Reached XP level 12. HP: 78/81 MP: 8/28
 14609 | Lair:4   | Found a staircase to the Snake Pit.
 15247 | Lair:5   | Noticed Snorg
 15368 | Lair:5   | Learned a level 6 spell: Death Channel
 15429 | Lair:5   | Reached skill level 12 in Polearms
 15633 | Lair:5   | Found a viscous altar of Jiyva.
 15633 | Lair:5   | Found a staircase to the Slime Pits.
 16197 | Lair:6   | Entered Level 6 of the Lair of Beasts
 16426 | Lair:6   | Reached ***** piety under Kikubaaqudgha
 16427 | Lair:6   | Reached skill level 13 in Polearms
 16649 | Lair:6   | Noticed a catoblepas
 16678 | Lair:6   | Killed a catoblepas
 16713 | Lair:6   | Noticed a dire elephant
 16713 | Lair:6   | Noticed a dire elephant
 16716 | Lair:6   | Noticed a dire elephant
 16717 | Lair:6   | Noticed a dire elephant
 16728 | Lair:6   | Identified the +9 spear of Rotation {antimagic, rN++
                  | Stlth+}
 17198 | Lair:6   | Reached skill level 14 in Polearms
 17203 | Lair:6   | Gained mutation: You are strongly in touch with the powers
                  | of death. [Mummy growth]
 17203 | Lair:6   | Reached XP level 13. HP: 58/86 MP: 16/29
 17499 | Lair:6   | Noticed a dire elephant
 17514 | Lair:6   | Noticed a dire elephant
 17544 | Lair:6   | Killed a dire elephant
 17545 | Lair:6   | Reached skill level 10 in Necromancy
 17575 | Lair:6   | Killed a dire elephant
 17660 | Lair:6   | Identified the ring of the Queen {rN+ Str+4}
 17796 | Lair:6   | HP: 2/86 [dire elephant (17)]
 18238 | Lair:6   | Killed a dire elephant
 18536 | Lair:6   | Killed a dire elephant
 18588 | Lair:6   | Killed a dire elephant
 18594 | Lair:6   | Killed a dire elephant
 18595 | Lair:6   | Reached skill level 5 in Fighting
 18810 | Lair:6   | Upgraded the game from 0.29-a0-565-g7a16c6de65 to
                  | 0.29-a0-666-g26d293caef
 18892 | Lair:5   | Found a viscous altar of Jiyva.
 18892 | Lair:5   | Found a staircase to the Slime Pits.
 18994 | Lair:5   | Killed Snorg
 19266 | D:9      | Found a sparkling altar of Nemelex Xobeh.
 19810 | D:10     | Entered Level 10 of the Dungeon
 19906 | D:10     | Found a radiant altar of Vehumet.
 20011 | D:10     | Found an opulent altar of Gozag.
 20292 | D:10     | Reached skill level 5 in Hexes
 20794 | D:11     | Found a frozen archway.
 20811 | IceCv    | Entered an ice cave
 21268 | IceCv    | Reached XP level 14. HP: 90/100 MP: 15/30
 21373 | IceCv    | Reached ****** piety under Kikubaaqudgha
 21644 | IceCv    | Noticed a reaper
 21654 | IceCv    | Killed a reaper
 21663 | IceCv    | Got Sif Muna's Catalogue of the Frostbite
 21915 | D:11     | Found Lukoreni's Armour Shop.
 21915 | D:11     | Found a staircase to the Orcish Mines.
 22572 | D:12     | Received a gift from Kikubaaqudgha
 22740 | D:4      | Fell from the grace of Kikubaaqudgha
 22740 | D:4      | Became a worshipper of Sif Muna the Loreminder
 23418 | D:12     | Noticed Azrael
 23424 | D:12     | Killed Azrael
 23425 | D:12     | Reached skill level 1 in Invocations
 23427 | D:12     | Killed from afar by a hell hound

Illustrated notes

Levels and vault maps discovered:
D:1:      dpeg_cavernosity, layout_basic, minmay_surrounded
D:2:      layout_basic, minivault_27, minmay_quantized, uniq_robin, uniq_natasha
D:3:      layout_basic, old_standard_altar, mainiacjoe_overflow_24_doors,
          cheibrodos_sewer_entry_drain, serial_shops, shop, minmay_between,
          uniq_grinder, uniq_sigmund
D:4:      layout_basic, mainiacjoe_overflow_concentric_impassable,
          mainiacjoe_overflow_boulevard
D:5:      layout_loops_ring, kennysheep_okawaru_gauntlet,
          nicolae_ossuary_entry_ruins, corexii_shack
D:6:      layout_basic, minmay_fractal_squares_diagonal_5
D:7:      layout_gridville, marbit_many_paths,
          mainiacjoe_overflow_six_doors_small, minmay_temple_entry_tees,
          minivault_26
D:8:      layout_rooms, lair_entry_dummy, the_hattery, uniq_maggie, uniq_pikel
D:9:      minmay_flawed_box, layout_loops_ring, general_overflow_altar,
          lemuel_mausoleum_altar_yredelemnul, uniq_erica
D:10:     layout_long_grid, overflow_temple_1_default,
          mainiacjoe_overflow_catwalk, chequers_decorated_corner
D:11:     layout_irregular_city, orc_david_3, portal_ice_cave_entry_pillars_1
D:12:     layout_loops_ring, nicolae_trove_entry_crossroad,
          nicolae_hepliaklqana_hazy_memory, uniq_azrael
Lair:1:   layout_cave_pods
Lair:2:   layout_chaotic_city, minmay_swamp_entry_reptiles
Lair:3:   layout_layer_cave, minivault_19
Lair:4:   layout_roguey, dummy_snake_entry
Lair:5:   layout_loops_ring, dpeg_slime_entry_enclosed_altar, uniq_snorg
Lair:6:   due_jungle_book, layout_gridlike, fungi_pond_lemuel

Skill      XL: |  1  2  3  4  5  6  7  8  9 10 11 12 13 14 |
---------------+-------------------------------------------+-----
Spellcasting   | 3 4 5 6 8 9 10 12 | 12.0
Necromancy     | 6 9 12 | 12.0
Stealth        | 2 3 |  3.0
Hexes          | 2 3 6 8 |  8.0
Polearms       | 1 7 9 11 14 | 14.0
Fighting       | 1 3 6 |  6.0
Earth Magic    | 3 4 |  4.4
Dodging        | 3 |  3.0
Invocations    | 1 |  1.5

Action                   |  1- 3 |  4- 6 |  7- 9 | 10-12 | 13-15 || total
-------------------------+-------+-------+-------+-------+-------++-------
Melee: Unarmed           |     7 |       |       |       |       ||     7
       Short sword       |    13 |       |       |       |       ||    13
       Quarterstaff      |       |    10 |   176 |       |       ||   186
       Trident           |       |       |       |   402 |   233 ||   635
Throw: Dart              |       |       |       |       |     4 ||     4
 Cast: Necrotize         |    46 |    83 |   196 |    71 |    23 ||   419
       Tukima's Dance    |       |     3 |     7 |     4 |     6 ||    20
       Animate Dead      |       |       |     2 |     7 |     8 ||    17
       Vampiric Draining |       |       |    11 |    46 |     1 ||    58
       Anguish           |       |       |     6 |    23 |    17 ||    46
       Agony             |       |       |       |    11 |     6 ||    17
       Dispel Undead     |       |       |       |     1 |    32 ||    33
       Borgnjor's Vile C |       |       |       |     7 |    34 ||    41
       Death Channel     |       |       |       |     5 |    14 ||    19
Invok: Receive Forbidden |       |       |       |       |     1 ||     1
Evoke: Wand              |       |       |       |     8 |     2 ||    10
       Piece from Xom's  |       |       |       |       |     3 ||     3
  Use: Scroll            |       |     4 |     4 |     9 |     5 ||    22
 Stab: Sleeping          |       |       |     4 |    21 |     2 ||    27
       Petrified         |       |       |       |     4 |       ||     4
       Distracted        |       |       |       |     1 |     8 ||     9
       Paralysed         |       |       |       |       |     7 ||     7
Armor: Robe              |     2 |       |       |   148 |    14 ||   164
       Acid dragon scale |    11 |    13 |   169 |     6 |    44 ||   243
Dodge: Dodged            |    20 |    11 |   188 |   167 |    82 ||   468
Block: Buckler           |       |       |       |    19 |     6 ||    25
       Kite shield       |       |       |       |    73 |    39 ||   112

Table legend: (Time is in decaauts)
 A = Elapsed time spent in this place.
 B = Non-inter-level travel time spent in this place.
 C = Inter-level travel time spent in this place.
 D = Time resting spent in this place.
 E = Time spent auto-exploring this place.
 F = Levels seen in this place.
 G = Mean time per level.
                   A        B        C        D        E       F      G
               +--------+--------+--------+--------+--------+-----+--------+
         Total |  23415 |  21485 |   1930 |   5766 |   9833 |  20 | 1170.8 |
       Dungeon |  13943 |  12585 |   1358 |   3339 |   5872 |  12 | 1161.9 |
          Lair |   8440 |   7868 |    572 |   1836 |   3936 |   6 | 1406.7 |
       Ossuary |     58 |     58 |      0 |      0 |      0 |   1 |   58.0 |
      Ice Cave |    973 |    973 |      0 |    591 |     25 |   1 |  973.0 |
               +--------+--------+--------+--------+--------+-----+--------+

Top non-repeatable levels by time:
  Lair:6: 2465 daAuts
     D:9: 1637 daAuts
  Lair:3: 1531 daAuts
     D:7: 1526 daAuts
  Lair:1: 1519 daAuts
     D:6: 1453 daAuts
     D:1: 1447 daAuts
  Lair:5: 1332 daAuts
     D:2: 1230 daAuts
     D:5: 1184 daAuts
     D:8: 1147 daAuts
     D:3: 1015 daAuts
   IceCv: 973 daAuts
    D:11: 916 daAuts
     D:4: 898 daAuts
